 Dungeon Crawl Stone Soup version 0.30.1-4-g462c640d31 (webtiles) character file.

Game seed: 1092153455164038345

98 Bobit the Slasher (level 4, 0/32 (38) HPs)
             Began as a Gnoll Reaver on Aug 13, 2023.
             Was a Believer of Sif Muna.
             Slain by a sky beast (5 damage)
             ... on level 3 of the Dungeon.
             The game lasted 00:03:30 (2129 turns).

Bobit the Slasher (Gnoll Reaver)                    Turns: 2129, Time: 00:03:30

HP:   0/32 (38)     AC:  5    Str: 12    XL:     4   Next: 69%
MP:   11/11         EV: 11    Int: 12    God:    Sif Muna [**....]
Gold: 133           SH:  0    Dex: 12    Spells: 12/13 levels left

rFire   + . .        a - +0 falchion
rCold   . . .        (no shield)
rNeg    . . .        f - +0 ring mail
rPois   .            (no helmet)
rElec   .            (no cloak)
rCorr   .            (no gloves)
SInv    .            (no boots)
Will    .....        (no amulet) Stlth
                     j - ring of protection from fire
HPRegen 0.25/turn    (no ring)
MPRegen 0.12/turn

%: no passive effects
@: confused, ambrosia-drunk, heavily drained
A: fangs 1, strong nose, distributed training
a: Renounce Religion, Channel Magic


You were on level 3 of the Dungeon.
You worshipped Sif Muna.
Sif Muna was pleased with you.
You visited 1 branch of the dungeon, and saw 3 of its levels.

You collected 133 gold pieces.

Inventory:

Hand Weapons
 a - a +0 falchion (weapon)
Armour
 b - a +0 leather armour
 f - a +0 ring mail (worn)
Jewellery
 j - a ring of protection from fire (left hand)
 r - a ring of willpower
Scrolls
 e - 3 scrolls of immolation {unknown}
 i - a scroll of fear {unknown}
 l - 4 scrolls of identify {unknown}
 n - a scroll of magic mapping {unknown}
 q - a scroll of poison {unknown}
 s - a scroll of acquirement {unknown}
Potions
 c - 3 potions of heal wounds {unknown}
 d - a potion of lignification {unknown}
 g - a potion of flight {unknown}
 h - a potion of ambrosia
 k - a potion of curing {unknown}
 m - 2 potions of berserk rage {unknown}
 o - a potion of experience {unknown}
 p - a potion of brilliance {unknown}


   Skills:
 + Level 4.7 Fighting
 + Level 1.2 Short Blades
 + Level 6.6 Long Blades
 + Level 1.2 Axes
 + Level 1.2 Maces & Flails
 + Level 1.2 Polearms
 + Level 1.2 Staves
 + Level 1.2 Ranged Weapons
 + Level 1.2 Throwing
 + Level 1.2 Armour
 + Level 4.7 Dodging
 + Level 1.2 Stealth
 + Level 1.2 Shields
 + Level 1.2 Unarmed Combat
 + Level 5.1 Spellcasting
 + Level 5.5 Conjurations
 + Level 1.0 Hexes
 + Level 1.0 Summonings
 + Level 1.0 Necromancy
 + Level 1.0 Translocations
 + Level 1.0 Transmutations
 + Level 1.0 Fire Magic
 + Level 1.0 Ice Magic
 + Level 1.0 Air Magic
 + Level 1.0 Earth Magic
 + Level 1.0 Poison Magic
 + Level 1.4 Invocations
 + Level 1.2 Evocations


You had 12 spell levels left.
You knew the following spells:

 Your Spells              Type           Power      Damage    Failure   Level
a - Kiss of Death         Conj/Necr      40%        2d8       12%         1

Your spell library contained the following spells:

 Spells                   Type           Power      Damage    Failure   Level
 Momentum Strike          Conj/Tloc      20%        3d8       19%         2
 Sting                    Tmut/Pois      20%        1d4       28%         1
 Hailstorm                Conj/Ice       10%        3d5       34%         3
 Stone Arrow              Conj/Erth      20%        3d8       34%         3
 Poisonous Vapours        Pois/Air       10%        N/A       41%         2
 Ozocubu's Armour         Ice            5%         N/A       65%         3
 Animate Armour           Summ/Erth      10%        N/A       96%         4
 Olgreb's Toxic Radiance  Pois           5%         N/A       96%         4
 Malign Gateway           Summ/Tloc      2%         N/A       100%        7
 Ozocubu's Refrigeration  Ice            2%         4d8       100%        7
 Lehudib's Crystal Spear  Conj/Erth      5%         10d3      100%        8
 Summon Horrible Things   Summ           2%         N/A       100%        8


Dungeon Overview and Level Annotations

Branches:
Dungeon (3/15)

Altars:
Ashenzari
Qazlal
Sif Muna


Innate Abilities, Weirdness & Mutations

You have very sharp teeth.
Your uncanny sense of smell can sniff out nearby items.
Your experience applies equally to all skills.


Message History

The sky beast is moderately wounded.
The sky beast closely misses you. The goblin hits you but does no damage.
You closely miss the sky beast.
The sky beast is moderately wounded.
The sky beast flickers out of sight!
Deactivating autopickup; reactivate with Ctrl-A.
Something hits you. Something shocks you.
The goblin hits you but does no damage.
You closely miss the goblin. Something hits you. Something shocks you.
The goblin closely misses you.
You are too injured to fight recklessly!
You are too injured to fight recklessly!
You are too injured to fight recklessly!
You are too injured to fight recklessly!
A goblin is nearby!
You are too injured to fight recklessly!
Unknown command.
Casting: Kiss of Death (safe; 12% risk of failure)
Confirm with . or Enter, or press ? or * to list all spells.
Aiming: Kiss of Death (safe; 12% risk of failure)
Press: ? - help, Shift-Dir - straight line, f - goblin
Aim: a goblin, wielding a +0 club (100% to hit)
The negative energy hits the goblin!
The goblin is drained!
You kill the goblin!
Sif Muna accepts your kill.
You feel drained. Something hits you but does no damage.
You hit something but do no damage. Something hits you but does no damage.
You closely miss something. You bite something. Something hits you.
Something shocks you.
* * * LOW HITPOINT WARNING * * *
You miss something. Something hits you.
* * * LOW HITPOINT WARNING * * *
Something shocks you.
* * * LOW HITPOINT WARNING * * *
It was a potion of ambrosia.
You are confused.
You feel invigorated. Something hits you.
* * * LOW HITPOINT WARNING * * *
Something shocks you.
You die...

##### ##...##
##.....##
#######.......#
#.............###
#.#####..?.......
########.#
##.....##
......##)#
##@{.#...
#####.##.#
##)...#
#####.##.######
.......
>...............
...#.#.
.###.........###
..#...# .#
#..#.........
.#..... .#
#..#.#.##.###
...._.. .#
#..#.#.# .# .#..
.. .###..#.#.# #


There were no monsters in sight!

Vanquished Creatures
  Jessica (D:2)
  2 dart slugs
  5 ball pythons
  5 bats
  9 endoplasms
  A giant cockroach (D:1)
  6 goblins
  7 hobgoblins
  2 jackals (D:3)
  A quokka (D:3)
  11 frilled lizards
  5 kobolds
  10 rats
65 creatures vanquished.

Notes
Turn   | Place    | Note
-------+----------+-------------------------------------------
     0 | D:1      | Bobit the Gnoll Reaver began the quest for the Orb.
     0 | D:1      | Reached XP level 1. HP: 20/20 MP: 6/6
   220 | D:1      | Reached XP level 2. HP: 26/26 MP: 7/7
   736 | D:1      | Found a faded altar of an unknown god.
   749 | D:1      | Reached skill level 5 in Spellcasting
   749 | D:1      | Reached XP level 3. HP: 31/31 MP: 7/9
   757 | D:1      | Prayed at the altar of an unknown god.
   757 | D:1      | Became a worshipper of Sif Muna the Loreminder
   757 | D:1      | Reached * piety under Sif Muna
  1145 | D:2      | Reached skill level 1 in Invocations
  1455 | D:2      | Reached skill level 1 in Short Blades
  1455 | D:2      | Reached skill level 1 in Axes
  1455 | D:2      | Reached skill level 1 in Maces & Flails
  1455 | D:2      | Reached skill level 1 in Polearms
  1455 | D:2      | Reached skill level 1 in Staves
  1455 | D:2      | Reached skill level 1 in Ranged Weapons
  1455 | D:2      | Reached skill level 1 in Throwing
  1455 | D:2      | Reached skill level 1 in Armour
  1455 | D:2      | Reached skill level 1 in Stealth
  1455 | D:2      | Reached skill level 1 in Shields
  1455 | D:2      | Reached skill level 1 in Unarmed Combat
  1455 | D:2      | Reached skill level 1 in Evocations
  1533 | D:2      | Noticed Jessica
  1542 | D:2      | Killed Jessica
  1543 | D:2      | Reached XP level 4. HP: 27/36 MP: 9/11
  1543 | D:2      | Reached ** piety under Sif Muna
  1676 | D:2      | Reached skill level 1 in Hexes
  1676 | D:2      | Reached skill level 1 in Summonings
  1676 | D:2      | Reached skill level 1 in Necromancy
  1676 | D:2      | Reached skill level 1 in Translocations
  1676 | D:2      | Reached skill level 1 in Transmutations
  1676 | D:2      | Reached skill level 1 in Fire Magic
  1676 | D:2      | Reached skill level 1 in Ice Magic
  1676 | D:2      | Reached skill level 1 in Air Magic
  1676 | D:2      | Reached skill level 1 in Earth Magic
  1676 | D:2      | Reached skill level 1 in Poison Magic
  1991 | D:3      | Found a broken altar of Ashenzari.
  2112 | D:3      | Found a stormy altar of Qazlal.
  2112 | D:3      | Noticed a sky beast
  2129 | D:3      | Slain by a sky beast

Illustrated notes

Levels and vault maps discovered:
D:1:      dpeg_arrival_houses_and_road, layout_loops_corners,
          ebering_ecumenical_altar_box, hex_large, minmay_lizard_king
D:2:      layout_basic, minmay_misc_feat_doors, uniq_jessica
D:3:      layout_loops_ring, nicolae_qazlal_beasts_of_the_sky,
          mainiacjoe_overflow_boulevard, chei_slow_surprise,
          portal_sewer_entry_b

Skill      XL: |  1  2  3  4 |
---------------+-------------+-----
Spellcasting   | 5 |  5.1
Invocations    | 1 |  1.4
Short Blades   | 1 |  1.2
Axes           | 1 |  1.2
Maces & Flails | 1 |  1.2
Polearms       | 1 |  1.2
Staves         | 1 |  1.2
Ranged Weapons | 1 |  1.2
Throwing       | 1 |  1.2
Armour         | 1 |  1.2
Stealth        | 1 |  1.2
Shields        | 1 |  1.2
Unarmed Combat | 1 |  1.2
Evocations     | 1 |  1.2
Hexes          | 1 |  1.0
Summonings     | 1 |  1.0
Necromancy     | 1 |  1.0
Translocations | 1 |  1.0
Transmutations | 1 |  1.0
Fire Magic     | 1 |  1.0
Ice Magic      | 1 |  1.0
Air Magic      | 1 |  1.0
Earth Magic    | 1 |  1.0
Poison Magic   | 1 |  1.0
Fighting       | |  4.7
Long Blades    | |  6.6
Dodging        | |  4.7
Conjurations   | |  5.5

Action                     |  1- 3 |  4- 6 || total
---------------------------+-------+-------++-------
  Melee: Falchion          |   118 |    44 ||   162
         Bite              |    12 |     3 ||    15
   Cast: Kiss of Death     |     1 |     1 ||     2
    Use: Potion            |       |     1 ||     1
 Armour: Leather armour    |     6 |       ||     6
         Ring mail         |    27 |    18 ||    45
  Dodge: Dodged            |    85 |    23 ||   108
